 Dungeon Crawl Stone Soup version 0.16-a0-4097-gb4d75fa (webtiles) character file.

112742 Chiseanne the Blocker (level 16, -4/124 HPs)
             Began as a Demonspawn Wanderer on Feb 25, 2015.
             Was the Champion of Cheibriados.
             Killed from afar by a thorn hunter (18 damage)
             ... with a volley of thorns
             ... on level 4 of the Swamp.
             The game lasted 02:19:38 (30475 turns).

Chiseanne the Blocker (Demonspawn Wanderer)        Turns: 30475, Time: 02:19:39

Health: -4/124     AC: 20    Str: 36    XL:     16   Next: 12%
Magic:  26/31      EV: 23    Int: 37    God:    Cheibriados [******]
Gold:   1835       SH: 21    Dex: 33    Spells: 3 memorised, 23 levels left

rFire  + . .     SeeInvis .     a - +8 war axe "Troenyem" {drain, Str+3}
rCold  . . .     Clarity  +     i - +1 scale mail {rF+}
rNeg   . . .     SustAb   .     A - +0 shield
rPois  +         Gourm    .     r - +1 hat {MR+}
rElec  .         Spirit   .     K - +1 cloak {rPois}
rCorr  .         Warding  .     g - +0 pair of gloves
rMut   .         Stasis   .     z - +0 pair of boots
MR     ++...                    Z - amulet of clarity
Stlth  ++........               R - +6 ring of intelligence
                                b - +6 ring of strength

@: very slow, very resistant to hostile enchantments, unstealthy
A: antennae 2, large bone plates 3, powered by death 2, powered by pain 2, spit
poison 2
a: Spit Poison, Bend Time, Temporal Distortion, Slouch, Step From Time, Renounce
Religion


You were on level 4 of the Swamp.
You worshipped Cheibriados.
Cheibriados was exalted by your worship.
You were not hungry.

You visited 4 branches of the dungeon, and saw 30 of its levels.
You also visited: Ossuary, Bailey and Ice Cave.

You collected 3212 gold pieces.
You spent 1377 gold pieces at shops.

Inventory:

Hand weapons
 a - the +8 war axe "Troenyem" (weapon) {drain, Str+3}
   (You found it on level 10 of the Dungeon)

   A truly terrible weapon, it drains the life of those it strikes.
   It affects your strength (+3).
 s - a +6 scimitar of flaming
 w - a +2 blowgun
 I - the +5 demon blade "Smamathunn" {drain, Str+3 Dex-3}
   (You found it in an ice cave)

   A truly terrible weapon, it drains the life of those it strikes.
   It affects your strength (+3).
   It affects your dexterity (-3).
Missiles
 c - 137 poisoned needles
 d - 13 curare-tipped needles
 j - 71 tomahawks of returning (quivered)
 k - 2 javelins
 l - 5 throwing nets
Armour
 g - a +0 pair of gloves (worn)
 h - a +1 cloak of cold resistance
 i - a +1 scale mail of fire resistance (worn)
 r - a +1 hat of magic resistance (worn)
 z - a +0 pair of boots (worn)
 A - a +0 shield (worn)
 K - a +1 cloak of poison resistance (worn)
 M - the +0 pair of gloves of Deikosye {Contam rPois rN+ Str+4, unknown}
   (You took it off Nikola on level 3 of the Swamp)

   It affects your strength (+4).
   It protects you from poison.
   It protects you from negative energy.
   It causes magical contamination when unequipped.
 Q - a swamp dragon hide
Jewellery
 b - a +6 ring of strength (left hand)
 F - an uncursed ring of protection from magic
 H - an uncursed ring of flight
 R - a +6 ring of intelligence (right hand)
 Z - an amulet of clarity (around neck)
Magical devices
 p - a wand of fireball (0)
 y - a wand of teleportation (8)
 D - a wand of enslavement (19)
 J - a wand of digging (13)
 T - a wand of invisibility (2)
Scrolls
 e - 5 scrolls of teleportation
 m - 8 scrolls of identify
 n - a scroll of summoning
 o - 3 scrolls of blinking
 q - 11 scrolls of remove curse
 v - 2 scrolls of fog
 B - a scroll of silence
Potions
 u - a potion of resistance
 C - 4 potions of invisibility
 E - 10 potions of restore abilities
 G - a potion of might
 L - a potion of magic
 P - 14 potions of curing
 X - 4 potions of heal wounds
Miscellaneous
 t - a phial of floods
Comestibles
 f - 15 bread rations
 x - 10 meat rations
 N - 8 royal jellies
 S - a poisonous chunk of flesh
 U - a beef jerky


   Skills:
 - Level 10.9 Fighting
 + Level 6.1(7.2) Axes
   Level 6.0(7.4) Maces & Flails
   Level 2.6(4.6) Staves
 - Level 5.2 Throwing
 - Level 10.4 Armour
 - Level 10.1 Dodging
 - Level 1.7 Stealth
 - Level 13.3 Shields
 - Level 6.0 Spellcasting
 - Level 6.4 Necromancy
 - Level 5.0 Translocations
 - Level 12.0 Invocations


You had 23 spell levels left.
You knew the following spells:

 Your Spells              Type           Power        Failure   Level  Hunger
a - Animate Skeleton      Necr           N/A          1%          1    None
b - Apportation           Tloc           #####.....   1%          1    None
c - Corpse Rot            Necr           N/A          1%          2    None


Dungeon Overview and Level Annotations

Branches:
Dungeon (14/15)            Temple (0/1) D:4            Lair (8/8) D:11
  Swamp (4/5) Lair:5       Spider (0/5) Lair:3        Slime (0/6) Lair:8
    Orc (4/4) D:12            Elf (0/3) Orc:3        Vaults (0/5) D:13

Altars:
Ashenzari
Cheibriados
Elyvilon
Fedhas
Makhleb
Nemelex Xobeh
Okawaru
Trog
The Shining One
Beogh

Shops:
D:13 !   Orc:4 (!(

Annotations:
D:14 8 runed doors


Innate Abilities, Weirdness & Mutations

You have a pair of antennae on your head.
You are completely covered in large bone plates (AC +4, SH +4).
You can steal the life force of defeated enemies.
You sometimes gain power by taking damage.
You can spit moderately strong poison.


Message History

The spectral seven-headed hydra fades away!
Found a scroll labeled MEXAOF KAOCI.
You feel a little less agile now.
A thorn hunter comes into view.
A thorn hunter is nearby!
A thorn hunter is nearby!
A thorn hunter is nearby!
The thorn hunter fires a volley of thorns at you.
The volley of thorns misses you.
Use which ability? (? or * to list)
You can feel time thicken for a moment.
You feel somewhat more hungry.
The thorn hunter fires a volley of thorns at you.
The volley of thorns hits you!
* * * LOW HITPOINT WARNING * * *
You block the swamp worm's attack. You block the thorn hunter's attack.
The thorn hunter completely misses you.
The swamp worm bites you but does no damage.
The thorn hunter fires a volley of thorns at you.
The volley of thorns hits you!
You die...

♣≈..♣♣≈≈≈≈...≈≈.≈≈≈≈≈≈
♣)≈.♣.≈≈≈.♣♣≈≈♣..§≈≈≈♣
♣≈≈...≈...♣♣♣.≈≈≈≈≈≈≈≈≈
.≈≈≈≈.≈..♣♣ ♣..≈♣§≈..≈≈
..≈≈≈≈♣.♣♣ ♣♣.≈.≈.≈≈≈♣
♣≈≈.≈≈≈.♣ ♣.≈.≈♣≈≈♣♣
..♣♣♣.≈♣♣ ♣♣.≈≈.♣ ♣
♣♣♣♣≈≈♣♣ ♣.♣f♣♣ ♣♣♣♣.♣♣
♣.@.♣ ...♣.♣ ♣.w.♣
♣♣.♣.♣ ♣.≈.♣ ♣...♣♣
♣.≈≈. ♣....♣ ♣.≈?♣♣
♣≈≈.[♣ ♣≈≈.♣ ♣≈≈..♣
♣≈≈.. ♣≈.≈.♣ ♣..≈≈
♣..≈≈♣ ♣≈≈


You could see a thorn hunter and a swamp worm.

Vanquished Creatures
  Nikola (Swamp:3)
  Rupert (D:14)
  A storm dragon (D:14)
  Frances (D:14)
  2 centaur warriors (D:13)
  Harold (D:12)
  10 hydras
  A ghost crab (Swamp:4)
  An alligator (Swamp:4)
  7 orc high priests (Orc:4)
  Urug (Swamp:1)
  5 death yaks
  A catoblepas (Lair:8)
  2 ice devils (IceCv)
  2 unseen horrors
  2 swamp dragons
  2 ice statues (IceCv)
  A wolf spider zombie (D:14)
  Pikel (D:6)
  3 orc knights
  8 hill giants
  A necromancer (Swamp:1)
  An orc sorcerer (Orc:4)
  14 ugly things
  2 hornets (Swamp:2)
  2 manticores
  A cyclops (D:11)
  Joseph (D:12)
  2 gargoyles
  A torpor snail (Lair:5)
  A black mamba (Lair:5)
  7 elephants (Lair:8)
  11 spiny frogs
  A queen ant (Lair:8)
  A smoke demon (Orc:4)
  An orange demon (Orc:4)
  A swamp worm zombie (Swamp:1)
  9 komodo dragons
  3 fire drakes
  An efreet (D:14)
  3 yaktaurs (D:13)
  3 two-headed ogres
  A giant leech (Swamp:3)
  A hydra zombie (Swamp:1)
  A tengu conjurer (D:14)
  A polar bear (Lair:8)
  2 trapdoor spider zombies
  8 slime creatures
  6 blue devils (IceCv)
  Grinder (D:6)
  A harpy skeleton (D:14)
  7 trolls
  A wolf spider simulacrum (D:13)
  A basilisk (Lair:1)
  2 ravens (Swamp:2)
  A deep elf mage (D:14)
  3 bog bodies
  A ynoxinul (Orc:4)
  8 blink frogs
  A wyvern (D:14)
  58 yaks
  3 shadows
  The ghost of Chiseanne the Covered, an average DsWn (D:3)
  24 vampire mosquitoes
  8 wargs
  3 hungry ghosts
  27 wolves
  A mottled dragon (D:11)
  12 swamp worms
  10 hippogriffs
  8 insubstantial wisps (Swamp:3)
  A deep elf fighter (D:11)
  7 soldier ants
  11 water moccasins
  15 orc warriors
  6 sky beasts
  5 swamp drakes
  A black bear (D:10)
  6 porcupines
  A necrophage (D:14)
  11 ogres
  2 wasps (D:13)
  An eye of draining (D:11)
  A boggart (D:13)
  17 ice beasts
  5 big kobolds
  4 phantoms
  Sigmund (D:7)
  Duvessa (D:6)
  15 crocodiles
  15 centaurs
  Blork the orc (D:7)
  12 giant frogs
  A water moccasin zombie (Swamp:1)
  A wyvern zombie (D:11)
  A wyvern skeleton (D:8)
  7 jellies
  9 killer bees
  2 water moccasin skeletons
  12 wights
  4 scorpions
  3 electric eels
  8 hounds
  Dowan (D:6)
  9 crimson imps
  6 goliath beetles
  A wyvern simulacrum (D:13)
  A giant frog zombie (D:13)
  24 orc wizards
  43 orc priests
  3 centaur skeletons
  7 iguanas
  5 giant frog skeletons
  36 worker ants
  Ijyb (D:6)
  A crocodile zombie (Swamp:1)
  A big kobold zombie (Ossuary)
  2 hound zombies
  A dwarf skeleton (Lair:8)
  2 hound skeletons
  10 mummies
  21 adders
  27 gnolls
  2 giant mites (D:8)
  16 river rats
  A shadow imp (D:13)
  6 white imps
  5 worms
  8 ufetubi
  2 adder skeletons
  5 giant geckos
  6 oozes
  162 orcs
  3 ball pythons
  29 bats
  A bat skeleton (D:5)
  A bat zombie (D:7)
  10 giant cockroaches
  4 gnoll zombies (Ossuary)
  34 hobgoblins
  4 jackals
  39 kobolds
  12 quokkas
  A giant cockroach zombie (D:5)
  8 giant newts
  23 goblins
  2 kobold zombies (Ossuary)
  An orc skeleton (Lair:8)
  3 orc zombies
  2 quokka zombies
  28 rats
  A rat zombie (D:6)
  A butterfly (D:8)
  24 fungi
  12 plants
1168 creatures vanquished.

Vanquished Creatures (collateral kills)
  Maud (Lair:8)
  Gastronok (Lair:3)
  A hydra (Swamp:3)
  A deep troll shaman (Lair:8)
  3 death yaks
  An alligator (Swamp:1)
  A catoblepas (Lair:6)
  5 oklob plants (Lair:8)
  2 elephants (Lair:8)
  5 komodo dragons
  4 spiny frogs
  A fire drake (Lair:3)
  A hydra zombie (Swamp:1)
  A giant leech (Swamp:2)
  A raven (Swamp:2)
  A polar bear (Lair:5)
  4 blink frogs
  A basilisk (Lair:8)
  4 slime creatures (Swamp:3)
  10 yaks
  A vampire mosquito (Swamp:1)
  4 wolves
  A hippogriff (Lair:5)
  9 swamp worms
  2 soldier ants (Lair:8)
  6 porcupines
  3 swamp drakes
  7 water moccasins
  5 crocodiles
  A boring beetle (Lair:4)
  A giant frog (Lair:3)
  A worker ant (Lair:8)
  13 river rats (Lair:2)
  6 adders
  A quokka (Lair:2)
  3 bushes
  9 fungi
  14 plants
136 creatures vanquished.

Vanquished Creatures (others)
  The ghost of WhatIsLove the Eclecticist, a mighty DgCj (Swamp:2)
  A spiny frog (Swamp:2)
  2 hydra skeletons
  2 water elementals
  A water moccasin (Swamp:2)
  A raven skeleton (Swamp:2)
  2 slaves (D:6)
  A swamp drake (Swamp:3)
  5 spiny frog skeletons
  An ogre (Orc:3)
  3 elephant skeletons (Lair:8)
  3 blink frog skeletons
  A fire drake skeleton (Lair:5)
  5 komodo dragon skeletons
  6 water moccasin skeletons
  A hippogriff skeleton (Lair:2)
  16 yak skeletons
  8 wolf skeletons
  2 bog body skeletons
  3 human skeletons
  4 porcupine skeletons
  A naga skeleton (Lair:8)
  7 crocodile skeletons
  A dwarf skeleton (Lair:8)
  A hound skeleton (Lair:4)
  A shadow imp (D:9)
  3 swamp drake skeletons
  A white imp (IceCv)
  4 ufetubi (IceCv)
  4 adder skeletons
  3 orc skeletons (Lair:8)
  A quokka skeleton (Lair:2)
  3 river rat skeletons
  A plant (Lair:4)
100 creatures vanquished.

Grand Total: 1404 creatures vanquished

Notes
Turn   | Place    | Note
--------------------------------------------------------------
     0 | D:1      | Chiseanne, the Demonspawn Wanderer, began the quest for the Orb.
     0 | D:1      | Chiseanne set off with: 4 curare-tipped needles, a +2 blowgun, a +0 ring mail, a +0 quarterstaff, a +0 dagger, a bread ration
     0 | D:1      | Reached XP level 1. HP: 13/13 MP: 1/1
   249 | D:1      | Reached skill level 3 in Armour
   272 | D:1      | Gained mutation: You are partially covered in large bone plates (AC +2, SH +2). [demonic ancestry]
   272 | D:1      | Reached XP level 2. HP: 16/19 MP: 2/2
  1035 | D:2      | Reached XP level 3. HP: 25/25 MP: 3/3
  1080 | D:2      | Found a snail-covered altar of Cheibriados.
  1336 | D:2      | Reached skill level 1 in Fighting
  1476 | D:2      | Became a worshipper of Cheibriados the Contemplative
  1536 | D:2      | Gained mutation: You have a pair of small antennae on your head. [demonic ancestry]
  1536 | D:2      | Reached XP level 4. HP: 30/32 MP: 4/4
  1585 | D:2      | Reached skill level 4 in Armour
  2202 | D:3      | Found a sparkling altar of Nemelex Xobeh.
  2202 | D:3      | Found a white marble altar of Elyvilon.
  2426 | D:3      | Gained mutation: You can steal the life force of nearby defeated enemies. [demonic ancestry]
  2426 | D:3      | Reached XP level 5. HP: 37/37 MP: 5/5
  2494 | D:3      | Noticed Chiseanne's ghost (average DsWn)
  2543 | D:3      | Killed Chiseanne's ghost
  2543 | D:3      | Reached XP level 6. HP: 24/45 MP: 6/6
  3060 | D:4      | Found a staircase to the Ecumenical Temple.
  3666 | D:4      | Reached XP level 7. HP: 30/52 MP: 7/7
  3927 | D:5      | Entered Level 5 of the Dungeon
  4247 | D:5      | Reached skill level 5 in Armour
  4293 | D:5      | Acquired Cheibriados' first power
  4373 | D:5      | Reached skill level 1 in Invocations
  5070 | D:5      | Reached XP level 8. HP: 53/61 MP: 9/9
  5218 | D:6      | Noticed Grinder
  5281 | D:6      | Found a sand-covered staircase.
  5310 | Ossuary  | Entered an ossuary
  5330 | Ossuary  | Reached skill level 5 in Dodging
  5341 | Ossuary  | Acquired Cheibriados' second power
  5647 | D:6      | Reached skill level 1 in Shields
  5662 | D:6      | Reached skill level 5 in Fighting
  5690 | D:6      | Learned a level 1 spell: Animate Skeleton
  5692 | D:6      | Learned a level 1 spell: Apportation
  5742 | D:6      | Reached skill level 1 in Maces & Flails
  5783 | D:6      | Noticed Ijyb
  5820 | D:6      | Killed Ijyb
  5910 | D:6      | Noticed Pikel
  5920 | D:6      | Killed Grinder
  5924 | D:6      | Killed Pikel
  5924 | D:6      | Reached XP level 9. HP: 47/68 MP: 13/15
  5950 | D:6      | Noticed Duvessa
  5950 | D:6      | Noticed Dowan
  5962 | D:6      | Killed Duvessa
  5967 | D:6      | Killed Dowan
  6129 | D:7      | Noticed Sigmund
  6138 | D:7      | Killed Sigmund
  6301 | D:7      | Noticed Blork the orc
  6310 | D:7      | Reached skill level 5 in Shields
  6317 | D:7      | Reached skill level 5 in Invocations
  6608 | D:7      | Acquired Cheibriados' third power
  6789 | D:7      | Killed Blork the orc
  6789 | D:7      | Reached skill level 5 in Throwing
  7052 | D:7      | Reached skill level 5 in Maces & Flails
  7270 | D:8      | Reached XP level 10. HP: 58/74 MP: 19/19
  7522 | D:8      | Reached skill level 6 in Invocations
  7996 | D:8      | Found a blossoming altar of Fedhas.
  7996 | D:8      | Found a bloodstained altar of Trog.
  8313 | D:8      | Found a runed door.
  8317 | D:8      | Found a runed door.
  8591 | D:8      | Found a glowing golden altar of the Shining One.
  9153 | D:9      | Reached skill level 7 in Shields
  9281 | D:9      | Found a shattered altar of Ashenzari.
  9534 | D:10     | Entered Level 10 of the Dungeon
  9534 | D:10     | Noticed a hill giant
  9542 | D:10     | Killed a hill giant
  9713 | D:10     | Noticed a hill giant
  9729 | D:10     | Killed a hill giant
  9729 | D:10     | Gained mutation: You can steal the life force of defeated enemies. [demonic ancestry]
  9729 | D:10     | Reached XP level 11. HP: 64/83 MP: 21/21
  9761 | D:10     | Noticed a hill giant
  9778 | D:10     | Killed a hill giant
 10165 | D:10     | Got a faintly glowing war axe
 10167 | D:10     | Identified the +8 war axe "Troenyem" {drain, Str+3} (You found it on level 10 of the Dungeon)
 10731 | D:11     | Reached skill level 8 in Shields
 11086 | D:11     | Found a staircase to the Lair.
 11295 | D:11     | Reached skill level 1 in Axes
 12208 | Lair:1   | Entered Level 1 of the Lair of Beasts
 12300 | Lair:1   | Reached skill level 9 in Shields
 12977 | Lair:2   | Gained mutation: You sometimes gain a little power by taking damage. [demonic ancestry]
 12977 | Lair:2   | Reached XP level 12. HP: 86/89 MP: 23/23
 13067 | Lair:2   | Found a frozen archway.
 13078 | IceCv    | Entered an ice cave
 13287 | IceCv    | Reached skill level 10 in Shields
 13404 | IceCv    | Got a slimy short sword
 13422 | IceCv    | Got a warped demon blade
 13424 | IceCv    | Identified the +9 short sword of Dishonesty {speed, rPois rC+} (You found it in an ice cave)
 13426 | IceCv    | Identified the +5 demon blade "Smamathunn" {drain, Str+3 Dex-3} (You found it in an ice cave)
 13746 | IceCv    | Reached skill level 5 in Axes
 14705 | Lair:3   | Noticed a four-headed hydra
 14721 | Lair:3   | Killed a four-headed hydra
 14984 | Lair:3   | Reached skill level 11 in Shields
 15010 | Lair:3   | Found a hole to the Spider Nest.
 15226 | Lair:3   | Noticed Gastronok
 15251 | Lair:3   | Killed Gastronok
 15706 | Lair:3   | Noticed a five-headed hydra
 15713 | Lair:3   | Killed a five-headed hydra
 16193 | Lair:4   | Reached skill level 10 in Invocations
 16451 | Lair:4   | Gained mutation: You are mostly covered in large bone plates (AC +3, SH +3). [demonic ancestry]
 16451 | Lair:4   | Reached XP level 13. HP: 66/95 MP: 27/27
 16663 | Lair:4   | Reached skill level 12 in Shields
 17941 | Lair:5   | Found a staircase to the Swamp.
 18243 | Lair:6   | Reached skill level 13 in Shields
 19132 | Lair:7   | Reached skill level 1 in Spellcasting
 19493 | Lair:8   | Entered Level 8 of the Lair of Beasts
 19753 | Lair:8   | Reached skill level 5 in Spellcasting
 19756 | Lair:8   | Gained mutation: You sometimes gain power by taking damage. [demonic ancestry]
 19756 | Lair:8   | Reached XP level 14. HP: 101/101 MP: 29/29
 19823 | Lair:8   | Noticed Maud
 19838 | Lair:8   | Killed Maud
 20137 | Lair:8   | Reached skill level 1 in Necromancy
 20301 | Lair:8   | Found a staircase to the Slime Pits.
 20485 | Lair:8   | Reached skill level 5 in Necromancy
 20520 | Lair:8   | Your ally Maud died
 21200 | D:12     | Noticed Harold
 21210 | D:12     | Killed Harold
 21210 | D:12     | Reached skill level 1 in Translocations
 21509 | D:12     | Noticed Joseph
 21518 | D:12     | Killed Joseph
 21640 | D:12     | Found a staircase to the Orcish Mines.
 21903 | D:13     | Learned a level 2 spell: Corpse Rot
 21976 | D:13     | Found a gate to the Vaults.
 22007 | D:13     | Reached skill level 5 in Translocations
 22529 | D:13     | Found Nuteky's Distillery.
 22553 | D:13     | Bought a potion of berserk rage for 60 gold pieces
 22556 | D:13     | Bought a potion of curing for 36 gold pieces
 22556 | D:13     | Bought a potion of resistance for 120 gold pieces
 22556 | D:13     | Bought a potion of curing for 36 gold pieces
 22556 | D:13     | Bought a potion of restore abilities for 60 gold pieces
 22556 | D:13     | Bought a potion of restore abilities for 60 gold pieces
 22556 | D:13     | Bought a potion of restore abilities for 60 gold pieces
 22556 | D:13     | Bought a potion of restore abilities for 60 gold pieces
 22672 | D:14     | Noticed Rupert
 22728 | D:14     | Found a large runed door.
 22728 | D:14     | Noticed a sphinx
 22729 | D:14     | Noticed a storm dragon
 22827 | D:14     | Found a flagged portal.
 22848 | Bailey   | Entered a bailey
 23171 | D:14     | Gained mutation: You can spit poison. [potion of beneficial mutation]
 23173 | D:14     | Gained mutation: You can spit moderately strong poison. [potion of beneficial mutation]
 23181 | D:14     | Killed Rupert
 23303 | D:14     | Gained mutation: You have a pair of antennae on your head. [demonic ancestry]
 23303 | D:14     | Reached XP level 15. HP: 62/107 MP: 30/30
 23345 | D:14     | Found a large runed door.
 23347 | D:14     | Found a large runed door.
 23351 | D:14     | Found a large runed door.
 23357 | D:14     | Found a large runed door.
 23484 | D:14     | Killed a storm dragon
 23978 | D:14     | Found a large runed door.
 24041 | D:14     | Reached skill level 10 in Armour
 24195 | D:14     | Found a large runed door.
 24350 | D:14     | Noticed Frances
 24366 | D:14     | Killed Frances
 24382 | D:14     | Found a large runed door.
 24762 | Orc:1    | Entered Level 1 of the Orcish Mines
 24923 | Orc:1    | Found a roughly hewn altar of Beogh.
 24952 | Orc:1    | Found an iron altar of Okawaru.
 25579 | Orc:4    | Entered Level 4 of the Orcish Mines
 25836 | Orc:4    | Found Okutto Guja's Distillery.
 25836 | Orc:4    | Found Zaigam's Weapon Shop.
 25862 | Orc:4    | Bought a potion of curing for 45 gold pieces
 25862 | Orc:4    | Bought a potion of curing for 45 gold pieces
 25862 | Orc:4    | Bought a potion of invisibility for 120 gold pieces
 25862 | Orc:4    | Bought a potion of heal wounds for 75 gold pieces
 25862 | Orc:4    | Bought a potion of restore abilities for 75 gold pieces
 25914 | Orc:4    | Found a roughly hewn altar of Beogh.
 25944 | Orc:4    | Found Unoox's Magic Scroll Shoppe.
 25953 | Orc:4    | Reached skill level 10 in Dodging
 25960 | Orc:4    | Bought 3 scrolls of identify for 84 gold pieces
 25960 | Orc:4    | Bought a scroll of summoning for 133 gold pieces
 25960 | Orc:4    | Bought a scroll of identify for 28 gold pieces
 25960 | Orc:4    | Bought a scroll of teleportation for 42 gold pieces
 25960 | Orc:4    | Bought a scroll of identify for 28 gold pieces
 25960 | Orc:4    | Bought a scroll of enchant armour for 105 gold pieces
 25960 | Orc:4    | Bought a scroll of silence for 105 gold pieces
 25966 | Orc:4    | Found Kusaal's Weapon Shop.
 26043 | Orc:4    | Found a roughly hewn altar of Beogh.
 26431 | Orc:3    | Found a burning altar of Makhleb.
 26460 | Orc:3    | Found a staircase to the Elven Halls.
 27490 | Swamp:1  | Entered Level 1 of the Swamp
 27651 | Swamp:1  | Noticed Urug
 27660 | Swamp:1  | Killed Urug
 28097 | Swamp:2  | Noticed WhatIsLove's ghost (mighty DgCj)
 28110 | Swamp:2  | Killed WhatIsLove's ghost
 29239 | Swamp:3  | Reached skill level 10 in Fighting
 29698 | Swamp:3  | Noticed Nikola
 29712 | Swamp:3  | Killed Nikola
 29715 | Swamp:3  | Got a pair of bloodstained gloves
 29732 | Swamp:3  | Gained mutation: You are completely covered in large bone plates (AC +4, SH +4). [demonic ancestry]
 29732 | Swamp:3  | Reached XP level 16. HP: 81/124 MP: 31/31
 30475 | Swamp:4  | Killed from afar by a thorn hunter

Action                   |  1- 3 |  4- 6 |  7- 9 | 10-12 | 13-15 | 16-18 || total
-------------------------+-------+-------+-------+-------+-------+-------++-------
Melee: Quarterstaff      |    97 |   270 |   145 |       |       |       ||   512
       War axe           |       |       |   107 |   467 |  1332 |    82 ||  1988
       Flail             |       |       |   252 |   405 |       |       ||   657
       Unarmed           |       |       |    11 |       |       |       ||    11
       Whip              |       |       |       |     5 |       |       ||     5
       Scimitar          |       |       |       |       |    14 |     7 ||    21
 Fire: Blowgun           |       |     1 |     5 |     9 |       |       ||    15
Throw: Stone             |       |       |     4 |       |       |       ||     4
 Cast: Animate Skeleton  |       |       |       |    34 |   104 |     3 ||   141
       Corpse Rot        |       |       |       |       |     3 |       ||     3
Invok: Slouch            |       |       |     4 |    10 |    12 |     1 ||    27
 Abil: Spit Poison       |       |       |       |       |     1 |       ||     1
Evoke: Wand              |       |       |       |       |    13 |       ||    13
       Phial of floods   |       |       |       |       |     3 |       ||     3
  Use: Scroll            |       |    12 |    11 |     9 |    17 |       ||    49
       Potion            |       |     7 |     2 |     3 |     8 |       ||    20
 Stab: Sleeping          |     1 |       |       |     2 |     4 |       ||     7
       Distracted        |       |       |       |     6 |    17 |     1 ||    24
       Petrified         |       |       |       |       |     3 |       ||     3
       Fleeing           |       |       |       |       |     1 |       ||     1
       Invisible         |       |       |       |       |     3 |       ||     3
  Eat: Chunk             |     2 |     5 |     7 |    20 |    15 |     3 ||    52
       Pizza             |       |       |     1 |       |     3 |       ||     4
       Royal jelly       |       |       |     1 |     2 |       |       ||     3
       Beef jerky        |       |       |     1 |     1 |     1 |       ||     3
       Fruit             |       |       |       |       |    17 |       ||    17
